 Dungeon Crawl Stone Soup version 0.25.1-2-g60ff931df9 (webtiles) character file.

Game seed: 9751075045947271222

7697 protoss039 the Thaumaturge (level 11, -1/61 HPs)
             Began as a Deep Elf Ice Elementalist on Aug 2, 2020.
             Was an Elder of Sif Muna.
             Slain by a freezing wraith (21 damage)
             ... on level 10 of the Dungeon.
             The game lasted 00:52:22 (13763 turns).

protoss039 the Thaumaturge (DEIE)                  Turns: 13763, Time: 00:52:23

Health: -1/61      AC: 15    Str:  5    XL:     11   Next: 0%
Magic:  24/39      EV: 13    Int: 24    God:    Sif Muna [****..]
Gold:   789        SH:  0    Dex: 15    Spells: 19/36 levels left

rFire    . . .     SeeInvis .   G - +2 spear (flame)
rCold    . . .     Gourm    .   (no shield)
rNeg     + . .     Faith    .   L - +0 steam dragon scales
rPois    .         Spirit   .   (no helmet)
rElec    .         Reflect  .   o - +0 cloak
rCorr    .         Harm     .   A - +0 pair of gloves
MR       +....                  (no boots)
Stlth    ++........             (no amulet)
HPRegen  0.20/turn              I - ring of positive energy
MPRegen  0.26/turn              K - ring of magical power (curse)

@: icy armour, swift, slowed
A: no striking features
a: Channel Magic, Forget Spell, Divine Exegesis, Renounce Religion


You were on level 10 of the Dungeon.
You worshipped Sif Muna.
Sif Muna was greatly pleased with you.
You were not hungry.

You visited 2 branches of the dungeon, and saw 11 of its levels.
You also visited: Bailey.

You collected 819 gold pieces.
You spent 30 gold pieces at shops.

Inventory:

Hand Weapons
 B - a +3 spear of venom
 G - a +2 spear of flaming (weapon)
Missiles
 D - 11 throwing nets (quivered)
 J - 7 poisoned darts
Armour
 o - a +0 cloak (worn)
 A - a +0 pair of gloves (worn)
 L - +0 steam dragon scales (worn)
Jewellery
 p - an uncursed ring of ice
 I - a ring of positive energy (left hand)
 K - a cursed ring of magical power (right hand)
Wands
 r - a wand of flame (16)
 s - a wand of clouds (2)
 x - a wand of polymorph (15)
 M - a wand of enslavement (8)
Scrolls
 a - a scroll of vulnerability {unknown}
 b - a scroll of magic mapping
 e - 2 scrolls of fog
 g - 6 scrolls of remove curse
 h - a scroll of fear
 j - 7 scrolls of enchant armour
 l - 2 scrolls of immolation
 t - 2 scrolls of amnesia
 w - 3 scrolls of blinking
 y - 5 scrolls of teleportation
 E - 2 scrolls of enchant weapon
Potions
 c - a potion of lignification
 f - a potion of magic
 i - a potion of brilliance
 k - a potion of cancellation {unknown}
 m - a potion of curing
 n - a potion of stabbing {unknown}
 q - a potion of mutation {unknown}
 u - a potion of ambrosia {unknown}
 v - a potion of flight {unknown}
 z - a potion of heal wounds {unknown}
 C - a potion of invisibility {unknown}
 N - a potion of degeneration {unknown}
Miscellaneous
 H - a tin of tremorstones (3/3)
Comestibles
 d - 24 rations
 F - 6 chunks of flesh


   Skills:
 * Level 4.0 Fighting
 - Level 3.0 Dodging
 - Level 3.0 Stealth
 + Level 13.0 Spellcasting
 - Level 4.0 Conjurations
 - Level 2.0 Charms
 - Level 4.0 Summonings
 + Level 11.2 Ice Magic
 - Level 2.0 Air Magic
 * Level 5.6 Invocations


You had 19 spell levels left.
You knew the following spells:

 Your Spells              Type           Power        Failure   Level  Hunger
a - Freeze                Ice            ####         1%          1    None
b - Frozen Ramparts       Ice            ######       1%          3    None
c - Ozocubu's Armour      Chrm/Ice       #####...     1%          3    None
d - Hailstorm             Conj/Ice       ######..     1%          4    None
e - Summon Ice Beast      Ice/Summ       ######..     1%          4    None
f - Swiftness             Chrm/Air       ####....     2%          2    None

Your spell library contained the following spells:

 Spells                   Type           Power        Failure   Level  Hunger
 Infusion                 Chrm           ####         1%          1    None
 Excruciating Wounds      Chrm/Necr      ###.......   56%         5    ###....


Dungeon Overview and Level Annotations

Branches:
Dungeon (10/15)            Temple (1/1) D:6            Lair (0/6) D:9
    Orc (0/2) D:9          Bailey (visited)

Altars:
Ashenzari
Cheibriados
Dithmenos
Elyvilon
Fedhas
Gozag
Hepliaklqana
Kikubaaqudgha
Makhleb
Nemelex Xobeh
Okawaru
Qazlal
Ru
Sif Muna
Trog
Uskayaw
Vehumet
Wu Jian
Xom
Yredelemnul
Zin
The Shining One

Shops:
D:4 *   D:9 %   D:10 ?

Annotations:
D:7 1 runed translucent door


Message History

Evoke which item? (* to show all) (? for menu, Esc to quit)
Attack whom?
Press: ? - help, Dir - move target cursor, f/p - freezing wraith
Aim: a freezing wraith (lightly damaged)
You hit the freezing wraith but do no damage.
The freezing wraith is lightly damaged.
The freezing wraith hits you. The freezing wraith freezes you!
The freezing wraith hits you but does no damage.
Your ice beast barely misses the freezing wraith.
The freezing wraith hits you but does no damage.
The freezing wraith hits you!
Unknown command.
Okay, then.
Casting: Ozocubu's Armour (safe; 1% risk of failure)
Confirm with . or Enter, or press ? or * to list all spells.
You feel quick.
Your ice beast closely misses the freezing wraith.
Something closely misses your ice beast.
The freezing wraith hits you! The freezing wraith freezes you!!
You die...

###..^.# # ##......#
#.#:..z...# #.##......#
#..###....# #...####!# #.
#.....5Y# ≈
#...#####Y##################
≈.. #......5W@................
#....#####.########..#..#......
.......÷...>......Y...÷........
##.....#########..§###..#......
≈.....# #...#.##.#...... ≈.#.##
#.§#.§§#........ ; #
#..#§§§#........
##.§§##........#
#.......#.....#


You could see a freezing wraith, a quasit and a friendly ice beast (summoned).

Vanquished Creatures
  A two-headed ogre (D:9)
  Maggie (D:9)
  2 trolls
  2 polar bears (D:10)
  2 hippogriffs (D:8)
  A yak (D:10)
  A hungry ghost (D:10)
  3 wargs (D:9)
  4 orc warriors
  A black bear (D:7)
  2 sky beasts (D:5)
  3 ogres
  2 ice beasts
  2 centaurs
  2 wolves
  A crocodile (D:8)
  A big kobold (D:10)
  A bullfrog (D:8)
  11 gnoll sergeants
  A wyvern zombie (D:9)
  2 scorpions
  3 howler monkeys
  An electric eel (D:7)
  3 crimson imps
  A bullfrog zombie (D:8)
  7 gnoll shamans
  3 jellies
  Crazy Yiuf (D:2)
  3 bullfrog skeletons
  A centaur skeleton (D:5)
  8 hounds
  10 orc wizards
  6 orc priests
  An iguana (D:4)
  7 worker ants
  A hound zombie (D:8)
  A worker ant zombie (D:8)
  A howler monkey zombie (D:8)
  34 gnolls
  10 adders
  A shadow imp (D:6)
  A white imp (D:10)
  An ooze (D:2)
  An adder skeleton (D:4)
  3 dart slugs
  6 leopard geckos
  38 orcs
  7 bats
  6 giant cockroaches
  10 goblins
  8 hobgoblins
  12 jackals
  3 quokkas
  2 ball pythons
  4 frilled lizards
  9 kobolds
  A leopard gecko skeleton (D:7)
  2 leopard gecko zombies
  3 quokka skeletons
  7 rats
  A fungus (D:9)
274 creatures vanquished.

Vanquished Creatures (collateral kills)
  Menkaure (D:7)
  An ogre (D:10)
  A phantom (D:10)
  An ice beast (D:10)
  A gnoll sergeant (Bailey)
  A wight (D:10)
  2 hounds (Bailey)
  A jelly (D:9)
  An orc wizard (D:9)
  An orc priest (D:9)
  A bullfrog skeleton (D:9)
  A gnoll shaman (Bailey)
  A bullfrog simulacrum (D:10)
  An adder (D:9)
  A gnoll (Bailey)
  A shadow imp (D:9)
  A worker ant simulacrum (D:10)
  2 orcs (D:9)
20 creatures vanquished.

Vanquished Creatures (others)
  A gnoll shaman (Bailey)
  A gnoll (Bailey)
  A leopard gecko (D:5)
3 creatures vanquished.

Grand Total: 297 creatures vanquished

Notes
Turn   | Place    | Note
-------+----------+-------------------------------------------
     0 | D:1      | protoss039 the Deep Elf Ice Elementalist began the quest
                  | for the Orb.
     0 | D:1      | Reached XP level 1. HP: 10/10 MP: 6/6
   299 | D:1      | Reached XP level 2. HP: 15/15 MP: 5/8
   896 | D:2      | Reached skill level 5 in Ice Magic
   896 | D:2      | Reached XP level 3. HP: 19/19 MP: 6/9
   954 | D:2      | Learned a level 3 spell: Frozen Ramparts
   993 | D:2      | Reached skill level 4 in Spellcasting
  1009 | D:2      | Reached XP level 4. HP: 14/24 MP: 7/12
  1051 | D:2      | Learned a level 3 spell: Ozocubu's Armour
  1603 | D:2      | Found an opulent altar of Gozag.
  1611 | D:2      | Found a white marble altar of Elyvilon.
  1839 | D:2      | Found a runed translucent door.
  1840 | D:2      | Noticed Crazy Yiuf
  2284 | D:2      | Killed Crazy Yiuf
  2284 | D:2      | Reached skill level 1 in Charms
  2284 | D:2      | Reached XP level 5. HP: 14/28 MP: 5/14
  2470 | D:2      | Learned a level 4 spell: Hailstorm
  2914 | D:3      | Reached skill level 5 in Spellcasting
  3600 | D:3      | Found a snail-covered altar of Cheibriados.
  3866 | D:3      | Learned a level 4 spell: Summon Ice Beast
  3867 | D:4      | Found Zin's Purification Station.
  3921 | D:4      | Found a glowing silver altar of Zin.
  3980 | D:4      | Reached XP level 6. HP: 32/32 MP: 12/16
  4097 | D:4      | Reached skill level 6 in Spellcasting
  4716 | D:5      | Entered Level 5 of the Dungeon
  4738 | D:5      | Reached skill level 7 in Spellcasting
  4738 | D:5      | Reached XP level 7. HP: 36/36 MP: 14/19
  5020 | D:5      | Reached skill level 1 in Conjurations
  5020 | D:5      | Reached skill level 1 in Summonings
  5553 | D:5      | Found a white marble altar of Elyvilon.
  5581 | D:5      | Reached skill level 8 in Spellcasting
  5775 | D:5      | Reached XP level 8. HP: 41/41 MP: 17/22
  6373 | D:6      | Reached skill level 9 in Spellcasting
  6490 | D:6      | Found a staircase to the Ecumenical Temple.
  6500 | Temple   | Entered the Ecumenical Temple
  6543 | Temple   | Became a worshipper of Sif Muna the Loreminder
  7150 | D:6      | Reached skill level 1 in Invocations
  7281 | D:6      | Reached skill level 1 in Fighting
  7514 | D:6      | Reached skill level 10 in Spellcasting
  7520 | D:6      | Reached XP level 9. HP: 47/47 MP: 13/25
  7531 | D:6      | Reached * piety under Sif Muna
  8374 | D:7      | Found a runed translucent door.
  8378 | D:7      | Noticed a sixfirhy
  9007 | D:7      | Noticed Menkaure
  9019 | D:7      | Killed Menkaure
  9163 | D:7      | Identified the Collected Works on Aid
  9193 | D:7      | Reached ** piety under Sif Muna
  9495 | D:7      | Learned a level 2 spell: Swiftness
  9536 | D:8      | Reached skill level 11 in Spellcasting
  9658 | D:8      | Reached skill level 1 in Air Magic
 10068 | D:8      | Noticed a troll
 10080 | D:8      | Killed a troll
 10229 | D:8      | Reached XP level 10. HP: 54/54 MP: 23/27
 10739 | D:8      | Reached skill level 10 in Ice Magic
 11058 | D:9      | Found a flagged portal.
 11216 | D:9      | HP: 4/82 [wyvern zombie (5)]
 11497 | Bailey   | Entered a bailey
 11738 | Bailey   | Reached *** piety under Sif Muna
 12070 | Bailey   | Reached skill level 12 in Spellcasting
 12199 | D:9      | Noticed a two-headed ogre
 12217 | D:9      | Killed a two-headed ogre
 12316 | D:9      | Found Piriest's Food Emporium.
 12452 | D:9      | Found a staircase to the Lair.
 12489 | D:9      | Reached skill level 5 in Invocations
 12629 | D:9      | Found a staircase to the Orcish Mines.
 12644 | D:9      | Noticed Maggie
 12659 | D:9      | Killed Maggie
 13068 | D:10     | Entered Level 10 of the Dungeon
 13282 | D:10     | Found Joekhlyetz's Magic Scroll Shoppe.
 13292 | D:10     | Bought a scroll of identify for 30 gold pieces
 13557 | D:10     | Reached skill level 13 in Spellcasting
 13756 | D:10     | Reached **** piety under Sif Muna
 13756 | D:10     | Reached XP level 11. HP: 59/61 MP: 27/30
 13763 | D:10     | Slain by a freezing wraith

Illustrated notes

Levels and vault maps discovered:
D:1:      roderic_dead_forest, layout_loops_ring, minmay_tripent
D:2:      layout_loops_ring, grunt_temple_overflow_open, first_ration,
          uniq_crazy_yiuf_cottage
D:3:      layout_basic, cheibriados_altar_1, serial_glass, glass_columns_a,
          glass_columns_b, glass_columns_a, corexii_shack, minmay_bisected
D:4:      layout_rooms, zin_purify, minmay_pentangle
D:5:      layout_loops_corners, elyvilon_altar_4
D:6:      layout_cave_pools, minmay_temple_entry_tees, serial_gnoll_camp,
          gnoll_camp_mini_house, gnoll_camp_mini_house, gnoll_camp_mini_basic,
          gnoll_camp_huts_basic
D:7:      cheibrodos_shockbox, layout_loops_ring, grunt_ogre_cave, fountainhead,
          uniq_menkaure
D:8:      layout_basic
D:9:      layout_long_grid, dpeg_oklobed_lair, minmay_orc_entry_guard_dogs,
          serial_shops, shop, enter_bailey_8, uniq_maggie
D:10:     minmay_the_grid_3x3 [minmay_the_grid_large_cup,
          minmay_the_grid_pillar_ring, minmay_the_grid_minigrid_small_alt,
          minmay_the_grid_stretched_grid, minmay_the_grid_mess,
          minmay_the_grid_tiny_cups, minmay_the_grid_armoury,
          minmay_the_grid_odd_star,
          minmay_the_grid_prize_four_corners_diamond_b], layout_rooms,
          serial_shops, shop, serial_ice, serial_ice_l, serial_ice_b,
          serial_ice_f, serial_ice_d, serial_ice_o, serial_ice_e, serial_ice_g,
          serial_ice_h, uniq_fannar
Temple:   dpeg_five_rooms_temple

Skill      XL: |  1  2  3  4  5  6  7  8  9 10 |
---------------+-------------------------------+-----
Stealth        | 3 |  3.0
Ice Magic      | 5 6 7 8 9 11 | 11.2
Dodging        | 3 |  3.0
Spellcasting   | 4 5 7 8 10 11 13 | 13.0
Charms         | 1 2 |  2.0
Conjurations   | 2 4 |  4.0
Summonings     | 2 4 |  4.0
Invocations    | 2 3 5 |  5.6
Fighting       | 1 2 4 |  4.0
Air Magic      | 1 2 |  2.0

Action                   |  1- 3 |  4- 6 |  7- 9 | 10-12 || total
-------------------------+-------+-------+-------+-------++-------
Melee: Unarmed           |     6 |       |       |       ||     6
       Dagger            |     3 |       |       |       ||     3
       Spear             |       |   143 |   148 |   106 ||   397
 Cast: Freeze            |    30 |    21 |    34 |    20 ||   105
       Frozen Ramparts   |     3 |    10 |    45 |    25 ||    83
       Ozocubu's Armour  |       |     1 |    14 |    21 ||    36
       Hailstorm         |       |     1 |    18 |    33 ||    52
       Summon Ice Beast  |       |       |     1 |    22 ||    23
       Swiftness         |       |       |       |     4 ||     4
Evoke: Wand              |       |       |       |     1 ||     1
  Use: Potion            |       |     3 |       |     4 ||     7
       Scroll            |       |     8 |     5 |     2 ||    15
 Stab: Sleeping          |     3 |    10 |     2 |     2 ||    17
       Distracted        |       |       |     2 |     1 ||     3
  Eat: Chunk             |       |    12 |    17 |     7 ||    36
       Ration            |       |       |       |     2 ||     2
Armor: Robe              |     4 |    20 |    34 |    18 ||    76
       Steam dragon scal |       |       |       |    33 ||    33
       Skin              |       |       |       |     5 ||     5
Dodge: Dodged            |    19 |    77 |   130 |   112 ||   338
